 Dungeon Crawl Stone Soup version 0.27.0-1-g7a089689b8 (webtiles) character file.

Game seed: 3287103144973938086

8778 dtburroughs the Basher (level 11, -1/103 HPs)
             Began as a Gargoyle Berserker on July 31, 2021.
             Was an Elder of Trog.
             Slain by Snorg (4 damage)
             ... on level 11 of the Dungeon.
             The game lasted 00:22:52 (12947 turns).

dtburroughs the Basher (Gargoyle Berserker)        Turns: 12947, Time: 00:22:53

Health: -1/103     AC: 22    Str: 23    XL:     11   Next: 36%
Magic:  11/11      EV: 11    Int:  8    God:    Trog [****..]
Gold:   245        SH:  0    Dex: 21    Spells: 10/10 levels left

rFire    . . .     SeeInvis .   D - +8 morningstar "Dragonbane" {freeze, Dex+5}
rCold    . . .     Faith    .   (no shield)
rNeg     + . .     Spirit   .   w - +0 chain mail
rPois    ∞         Reflect  .   k - +0 helmet
rElec    +         Harm     .   a - +0 cloak
rCorr    .         Rampage  .   (no gloves)
Will     .....                  A - +0 pair of boots
Stlth    ..........             s - amulet of the acrobat
HPRegen  0.27/turn              n - +6 ring of dexterity
MPRegen  0.12/turn              (no ring)

@: berserking, very quick
A: sickness immunity, AC +8, negative energy resistance 1, electricity
resistance, torment resistance 1, petrification resistance
a: Renounce Religion, Berserk, Trog's Hand, Brothers in Arms


You were on level 11 of the Dungeon.
You worshipped Trog.
Trog was greatly pleased with you.
You visited 1 branch of the dungeon, and saw 11 of its levels.

You collected 461 gold pieces.
You spent 216 gold pieces at shops.

Inventory:

Hand Weapons
 r - a +2 hand axe of freezing
 v - a +0 war axe
 D - the +8 morningstar "Dragonbane" (weapon) {freeze, Dex+5}
   (You bought it in a shop on level 6 of the Dungeon)

   It freezes those it strikes, dealing additional cold damage.
   It can also slow down cold-blooded creatures.
   Dex:       It affects your dexterity (+5).
 F - a +5 dire flail
Armour
 a - a +0 cloak (worn)
 k - a +0 helmet (worn)
 w - a +0 chain mail (worn)
 x - +0 swamp dragon scales
 A - a +0 pair of boots (worn)
 I - +0 acid dragon scales
Jewellery
 b - an amulet of magic regeneration
 j - an amulet of guardian spirit
 l - an amulet of reflection
 n - a +6 ring of dexterity (left hand)
 s - an amulet of the acrobat (around neck)
 H - a ring of ice
 J - a ring of fire
Wands
 y - a wand of digging (5)
 M - a wand of paralysis (8)
 O - a wand of flame (9)
 S - a wand of iceblast (5)
Scrolls
 d - 2 scrolls of enchant armour {unknown}
 e - a scroll of enchant weapon {unknown}
 f - 7 scrolls of identify {unknown}
 m - 4 scrolls of magic mapping {unknown}
 o - 2 scrolls of torment {unknown}
 p - a scroll of summoning {unknown}
 q - a scroll of vulnerability {unknown}
 u - a scroll of noise {unknown}
 B - 2 scrolls of acquirement {unknown}
 E - 4 scrolls of teleportation {unknown}
 N - a scroll of fog {unknown}
 Q - a scroll of fear {unknown}
 R - a scroll of blinking {unknown}
Potions
 c - a potion of degeneration {unknown}
 g - 4 potions of curing
 h - 4 potions of magic {unknown}
 i - 5 potions of heal wounds
 t - 2 potions of haste
 z - 2 potions of lignification {unknown}
 C - a potion of mutation {unknown}
 G - a potion of berserk rage {unknown}
 K - a potion of flight {unknown}
 L - a potion of brilliance {unknown}
 P - a potion of attraction {unknown}


   Skills:
 + Level 8.8 Fighting
 + Level 12.5 Maces & Flails
 + Level 7.1 Armour
 + Level 4.9 Dodging
 + Level 3.4 Stealth
 * Level 3.3 Shields
 * Level 1.2 Evocations


You had 10 spell levels left.
You didn't know any spells.
Your spell library was empty.

Dungeon Overview and Level Annotations

Branches:
Dungeon (11/15)            Temple (0/1) D:5
   Lair: D:8-11         Orc: D:9-12

Altars:
Ashenzari
Elyvilon
Okawaru
Uskayaw

Shops:
D:4 =   D:6 (?([=   D:7 (

Annotations:
D:6 2 transporters
D:11 Snorg


Innate Abilities, Weirdness & Mutations

You are immune to sickness and miasma.
Your stone body is resilient. (AC +8)
You are immune to poison.
You resist negative energy. (rN+)
You are resistant to electric shocks. (rElec)
You are resistant to unholy torment.
You are immune to petrification.


Message History

Aim: Snorg (lightly wounded, 68% to hit)
The puff of flame hits Snorg!
Snorg is moderately wounded.
Snorg goes berserk!
Aiming: Throw Flame
Press: ? - help, Shift-Dir - straight line, f/p - Snorg
Aim: Snorg (moderately wounded, berserk, 68% to hit)
The puff of flame hits Snorg.
Snorg is moderately wounded.
A red film seems to cover your vision as you go berserk!
You feel yourself moving faster!
You feel mighty! Snorg bites you!! Snorg completely misses you.
Snorg closely misses you.
You closely miss Snorg.
Snorg is moderately wounded.
Snorg bites you! Snorg claws you but does no damage.
Snorg completely misses you.
You barely miss Snorg.
Snorg is moderately wounded.
Snorg bites you! Snorg closely misses you. Snorg claws you!
You closely miss Snorg.
Snorg is moderately wounded.
Snorg barely misses you. Snorg claws you but does no damage. x2
You barely miss Snorg.
Snorg is moderately wounded.
Snorg bites you! Snorg claws you. Snorg barely misses you.
You closely miss Snorg.
Snorg is moderately wounded.
Snorg bites you! Snorg claws you. Snorg claws you!
* * * LOW HITPOINT WARNING * * *
You bludgeon Snorg!! You freeze Snorg!
Snorg is heavily wounded.
Snorg bites you!!
* * * LOW HITPOINT WARNING * * *
Snorg claws you but does no damage. Snorg misses you.
You puncture Snorg! You freeze Snorg.
Snorg is severely wounded.
Snorg bites you.
* * * LOW HITPOINT WARNING * * *
Snorg claws you.
You die...

##(## #<# #....
### #...#
####...#
#......#
#......#
#......#
#......#
#.....@#
######T########
................
###.............
#.............
#.............
#.............
#.............
...............


You could see Snorg (berserk).

Vanquished Creatures
  Harold (D:11)
  A hydra (D:10)
  A two-headed ogre (D:9)
  Pikel (D:6)
  A manticore (D:8)
  An unseen horror (D:10)
  Maggie (D:6)
  2 hornets
  3 wyverns (D:10)
  Eustachio (D:6)
  A wraith (D:9)
  A steam dragon (D:8)
  Grum (D:10)
  An acid dragon (D:8)
  Duvessa (D:6)
  2 water moccasins
  2 sky beasts
  A black bear (D:4)
  4 ogres
  4 necrophages
  3 centaurs
  3 wolves (D:10)
  A phantom (D:5)
  3 lemures (D:6)
  A bullfrog (D:7)
  A gnoll sergeant (D:10)
  A kobold brigand (D:7)
  A scorpion (D:4)
  2 water moccasin zombies (D:6)
  Dowan (D:6)
  A wyvern skeleton (D:7)
  A water moccasin skeleton (D:5)
  5 killer bees (D:8)
  5 wights (D:7)
  A howler monkey (D:5)
  2 bullfrog zombies (D:5)
  5 centaur zombies
  5 hounds
  A jelly (D:4)
  A centaur skeleton (D:6)
  2 gnoll shamans
  2 orc priests
  3 bullfrog skeletons
  3 iguanas
  7 orc wizards
  A hound skeleton (D:4)
  A howler monkey zombie (D:7)
  5 adders
  7 gnolls
  A shadow imp (D:5)
  2 ufetubi (D:7)
  An adder skeleton (D:4)
  3 worms
  40 orcs
  6 endoplasms
  A giant cockroach (D:2)
  7 goblins
  5 hobgoblins
  2 jackals (D:3)
  2 quokkas
  3 ball pythons
  4 bats
  5 frilled lizards
  9 kobolds
  2 rats (D:1)
199 creatures vanquished.

Vanquished Creatures (others)
  A gnoll (D:7)
  11 fungi (D:6)
12 creatures vanquished.

Grand Total: 211 creatures vanquished

Notes
Turn   | Place    | Note
-------+----------+-------------------------------------------
     0 | D:1      | dtburroughs the Gargoyle Berserker began the quest for the
                  | Orb.
     0 | D:1      | Reached XP level 1. HP: 14/14 MP: 1/1
    10 | D:1      | You fall into a shaft and drop 1 floor!
   695 | D:1      | Reached XP level 2. HP: 18/19 MP: 2/2
   832 | D:1      | Found a faded altar of an unknown god.
  1283 | D:2      | Reached XP level 3. HP: 17/24 MP: 3/3
  1546 | D:2      | Reached ** piety under Trog
  1951 | D:2      | Reached skill level 4 in Maces & Flails
  1951 | D:2      | Reached XP level 4. HP: 25/29 MP: 2/4
  2402 | D:3      | Reached skill level 1 in Stealth
  3326 | D:4      | Noticed a necrophage
  3348 | D:4      | Killed a necrophage
  3349 | D:4      | Reached XP level 5. HP: 21/33 MP: 3/5
  3356 | D:4      | Noticed an ogre
  3864 | D:4      | Killed an ogre
  3865 | D:4      | Reached skill level 5 in Maces & Flails
  3865 | D:4      | Reached XP level 6. HP: 37/39 MP: 4/6
  4665 | D:4      | Found Nyaxkion's Jewellery Shoppe.
  4877 | D:5      | Entered Level 5 of the Dungeon
  4878 | D:5      | Found a staircase to the Ecumenical Temple.
  4903 | D:5      | Reached skill level 5 in Fighting
  4903 | D:5      | Reached XP level 7. HP: 44/44 MP: 7/7
  5210 | D:5      | Reached skill level 6 in Maces & Flails
  5342 | D:4      | Reached skill level 1 in Shields
  5349 | D:4      | Reached XP level 8. HP: 21/50 MP: 8/8
  5712 | D:5      | Reached skill level 7 in Maces & Flails
  5774 | D:5      | HP: 2/76 [worm (7)]
  5800 | D:5      | HP: 2/51 [hound (4)]
  5805 | D:5      | HP: 2/51 [hound (3)]
  6565 | D:6      | Found Qyzimuogiu's Weapon Emporium.
  6578 | D:6      | Reached skill level 8 in Maces & Flails
  6589 | D:6      | Noticed Maggie
  6591 | D:6      | Noticed Pikel
  6636 | D:6      | Reached XP level 9. HP: 50/56 MP: 9/9
  6648 | D:6      | Killed Maggie
  6846 | D:6      | Killed Pikel
  6847 | D:6      | Reached skill level 9 in Maces & Flails
  7021 | D:6      | Found Huohius's Antique Armour Boutique.
  7040 | D:6      | Found a transporter.
  7045 | D:6      | Found a transporter.
  7097 | D:6      | Noticed Eustachio
  7125 | D:6      | Killed Eustachio
  7332 | D:6      | Found Zolofrip's Magic Scroll Shoppe.
  7523 | D:6      | Found Zepnuibob's Antique Weapon Emporium.
  7528 | D:6      | Bought a jewelled morningstar for 216 gold pieces
  7528 | D:6      | Identified the +8 morningstar "Dragonbane" {freeze, Dex+5}
                  | (You bought it in a shop on level 6 of the Dungeon)
  7625 | D:6      | Noticed Duvessa
  7625 | D:6      | Noticed Dowan
  7632 | D:6      | Killed Duvessa
  7642 | D:6      | Killed Dowan
  7817 | D:6      | Found Duinageh's Jewellery Emporium.
  7905 | D:7      | Found Ronlut's Antique Weapon Boutique.
  7957 | D:7      | Reached skill level 10 in Maces & Flails
  7975 | D:7      | Reached *** piety under Trog
  7976 | D:7      | Reached XP level 10. HP: 49/63 MP: 10/10
  8876 | D:8      | Noticed a manticore
  8889 | D:8      | Killed a manticore
  9325 | D:8      | Reached skill level 11 in Maces & Flails
  9509 | D:8      | Reached skill level 5 in Armour
  9793 | D:8      | Found an iron altar of Okawaru.
  9817 | D:8      | Found a broken altar of Ashenzari.
 10086 | D:9      | Found a hide-covered altar of Uskayaw.
 10148 | D:9      | Noticed a two-headed ogre
 10173 | D:9      | Killed a two-headed ogre
 10837 | D:9      | Found a white marble altar of Elyvilon.
 11463 | D:10     | Entered Level 10 of the Dungeon
 11528 | D:10     | Reached **** piety under Trog
 11923 | D:10     | Noticed Grum
 11930 | D:10     | Reached XP level 11. HP: 60/69 MP: 11/11
 11931 | D:10     | Reached skill level 12 in Maces & Flails
 11937 | D:10     | Killed Grum
 12479 | D:11     | Noticed Harold
 12488 | D:11     | Noticed a cyclops
 12488 | D:11     | Noticed a four-headed hydra
 12489 | D:11     | Killed Harold
 12778 | D:10     | Killed a four-headed hydra
 12779 | D:10     | Reached skill level 1 in Evocations
 12925 | D:11     | Noticed Snorg
 12947 | D:11     | HP: 3/103 [Snorg (3)]
 12947 | D:11     | Slain by Snorg

Illustrated notes

Levels and vault maps discovered:
D:1:      matt_arrival_refuge, layout_basic,
          shapermc_ecumenical_altar_notcrosses
D:2:      layout_basic, chequers_hall_statues_wall_a
D:3:      layout_basic, serial_co_window_serial, co_window_paths_a,
          co_window_paths_b, co_window_paths_b, co_window_paths_a,
          co_window_corner_a, co_window_corner_ca, co_window_of_opportunity_b,
          co_window_broadway_c, co_window_of_opportunity_c,
          co_window_broadway_b, co_window_4corner_a, co_window_4corner_b,
          glass_columns_a, glass_columns_c, glass_columns_b
D:4:      layout_loops_cross, serial_shops, nicolae_shop_crystal, sigmund_army
D:5:      cheibrodos_fzero, layout_cave_pools,
          minmay_temple_entry_statues_fountains, cheibrodos_sewer_entry_sluice
D:6:      gammafunk_steamed_eel, layout_basic, serial_aquarium,
          aquarium_bridge_square [aquarium_subvault_window,
          aquarium_subvault_window, aquarium_subvault_bridge,
          aquarium_subvault_window], aquarium_window_fake, aquarium_window_3,
          aquarium_view_4, aquarium_view_2g, aquarium_balcony_double_1,
          serial_shops, nicolae_shop_behind_doors, shop, nicolae_stop_n_shop_1,
          nicolae_shop_statue_plus, nicolae_shop_crystal, uniq_maggie,
          uniq_pikel, uniq_duvessa, uniq_eustachio
D:7:      layout_rooms, serial_shops, nicolae_shop_stone
D:8:      layout_loops_corners, mainiacjoe_overflow_two_lobes
D:9:      layout_irregular_city, lemuel_coloured_pillars_altar,
          nicolae_elyvilon_temple_path, corexii_leaking_fountain
D:10:     layout_stronghold, uniq_grum
D:11:     minmay_diamond_stairs, layout_stronghold, dpeg_oklobed_lair,
          erik_orc_3, uniq_nergalle, uniq_erolcha, uniq_harold, uniq_snorg

Skill      XL: |  1  2  3  4  5  6  7  8  9 10 11 |
---------------+----------------------------------+-----
Dodging        | 2 3 4 |  4.9
Maces & Flails | 4 5 6 8 10 11 12 | 12.5
Fighting       | 4 5 6 7 8 |  8.8
Stealth        | 1 2 3 |  3.4
Shields        | 1 2 3 |  3.3
Armour         | 4 6 7 |  7.1
Evocations     | 1 |  1.2

Action                   |  1- 3 |  4- 6 |  7- 9 | 10-12 || total
-------------------------+-------+-------+-------+-------++-------
Melee: Mace              |    77 |    88 |       |       ||   165
       Morningstar       |       |    45 |   274 |   206 ||   525
Invok: Trog's Hand       |       |     3 |     6 |     2 ||    11
       Berserk           |       |     1 |     4 |     3 ||     8
Evoke: Wand              |       |       |       |    13 ||    13
 Stab: Sleeping          |     1 |     2 |       |       ||     3
       Distracted        |       |       |     1 |       ||     1
Armor: Animal skin       |    25 |    36 |       |       ||    61
       Skin              |       |     1 |    62 |       ||    63
       Ring mail         |       |     1 |       |       ||     1
       Chain mail        |       |       |   112 |   144 ||   256
Dodge: Dodged            |    57 |   107 |   234 |   166 ||   564
Block: Other             |       |    14 |    48 |       ||    62
       Reflection        |       |     1 |       |       ||     1
